 Dungeon Crawl Stone Soup version 0.23-a0-180-ga5275e7 (webtiles) character file.

10088 Inarius the Fighter (level 11, -10/96 HPs)
             Began as a Mummy Fighter on Sept 18, 2018.
             Was an Initiate of Gozag.
             Mangled by an enormous slime creature (69 damage)
             ... on level 12 of the Dungeon.
             The game lasted 00:24:20 (14445 turns).

Inarius the Fighter (Mummy Fighter)                Turns: 14445, Time: 00:24:20

Health: -10/96     AC: 23    Str: 22    XL:     11   Next: 31%
Magic:  12/12      EV:  8    Int:  7    God:    Gozag
Gold:   775        SH: 10    Dex: 17    Spells: 10/10 levels left

rFire    . . .     SeeInvis +   a - +0 war axe
rCold    + . .     Gourm    .   c - +0 shield
rNeg     + + +     Faith    .   j - +4 chain mail of Exclusion {rF+ SInv}
rPois    ∞         Spirit   .   h - +2 helmet
rElec    .         Reflect  .   m - +1 cloak
rCorr    .         Harm     .   d - +0 pair of gloves
MR       +....                  g - +1 pair of boots
Stlth    ..........             (no amulet)
HPRegen  0.26/turn              l - +4 ring of dexterity
MPRegen  0.13/turn              p - +2 ring of evasion

@: no status effects
A: no food or potions, fire vulnerability, cold resistance 1, negative energy
resistance 3, torment resistance, unbreathing
a: Potion Petition, Call Merchant, Bribe Branch, Renounce Religion


You were on level 12 of the Dungeon.
You worshipped Gozag.
Gozag was pleased with you.
You were not hungry.

You visited 2 branches of the dungeon, and saw 13 of its levels.

You collected 1655 gold pieces.
You spent 22 gold pieces at shops.
You paid 858 gold pieces to Gozag.

Inventory:

Hand Weapons
 a - a +0 war axe (weapon)
 u - a +0 short sword of flaming
 y - a +2 demon trident
Missiles
 s - 4 tomahawks (quivered)
 x - 4 javelins
Armour
 c - a +0 shield (worn)
 d - a +0 pair of gloves (worn)
 g - a +1 pair of boots (worn)
 h - a +2 helmet (worn)
 j - the +4 chain mail of Exclusion (worn) {rF+ SInv}
   (You found it on level 10 of the Dungeon)

   It protects you from fire.
   It lets you see invisible.
 m - a +1 cloak (worn)
Jewellery
 l - a +4 ring of dexterity (left hand)
 p - a +2 ring of evasion (right hand)
Wands
 o - a wand of polymorph (13)
 r - a wand of random effects (26)
 t - a wand of iceblast (5)
 v - a wand of enslavement (11)
 B - a wand of paralysis (21)
Scrolls
 b - a scroll of magic mapping
 e - 3 scrolls of enchant weapon
 f - 6 scrolls of remove curse
 i - 3 scrolls of immolation
 k - 6 scrolls of teleportation
 n - 2 scrolls of blinking
 q - 4 scrolls of identify
 w - 2 scrolls of amnesia
 z - a scroll of enchant armour
 A - a scroll of brand weapon {unknown}


   Skills:
 + Level 12.6 Fighting
 + Level 7.0 Axes
 + Level 0.7 Throwing
 + Level 7.0 Armour
 + Level 5.0 Shields
 + Level 1.9 Evocations


You had 10 spell levels left.
You didn't know any spells.
Your spell library was empty.

Dungeon Overview and Level Annotations

Branches:
Dungeon (12/15)            Temple (1/1) D:6            Lair (0/6) D:11
    Orc (0/2) D:9

Altars:
Ashenzari
Dithmenos
Elyvilon
Fedhas
Gozag
Hepliaklqana
Kikubaaqudgha
Makhleb
Nemelex Xobeh
Qazlal
Sif Muna
Trog
Uskayaw
Vehumet
Yredelemnul
Zin
The Shining One

Shops:
D:5 (**?   D:9 :(

Annotations:
D:8 exclusion: 2 oklob plants
D:11 1 runed door, CaptainBugsquash's ghost, journeyman OpFi


Innate Abilities, Weirdness & Mutations

You do not eat or drink.
Your flesh is vulnerable to fire.
You are immune to poison.
Your flesh is cold resistant. (rC+)
You are immune to negative energy. (rN+++)
You are immune to unholy pain and torment.
You can survive without breathing.


Message History

You hit the large slime creature.
The large slime creature is lightly wounded.
Two slime creatures merge to form a very large slime creature.
You hit the very large slime creature.
The very large slime creature is lightly wounded.
Two slime creatures merge to form an enormous slime creature.
You slash the enormous slime creature!
The enormous slime creature is lightly wounded.
You slice the enormous slime creature!!
The enormous slime creature is moderately wounded.
You block the enormous slime creature's attack.
The enormous slime creature hits you!!!
Ouch! That really hurt!
You are too injured to fight recklessly!
You are too injured to fight recklessly!
There is an open door here.
The enormous slime creature hits you!!!
Ouch! That really hurt!
You die...
Your body crumbles into a pile of gold.

.......#..)).................)...
.......#.<.).....<......(..(())..
.......####)#....#'####.....))...
............#....#....#..######..
............#....#....#..# #..
...........##....#....#..# #..
..%........#.....#....#..# #..
...........#.....#....#..# #..
...........#....@#....#..# #..
...........#....J#....#..######..
####.......#.....######..........
#.......#...................##
#.......#.#+###'#...........#
#.......#.#....J##########..#
#.......# #..............#..#
#......)# #..............#..#
#.......###..#####.......####


You could see an enormous slime creature.

Vanquished Creatures
  A centaur warrior (D:9)
  A sea snake (D:11)
  An ugly thing (D:12)
  Maurice (D:9)
  A troll (D:9)
  A slime creature (D:12)
  4 hippogriffs
  A spriggan (D:7)
  2 wyverns
  A wraith (D:10)
  A steam dragon (D:10)
  A hog (D:9)
  4 orc warriors
  4 sky beasts
  2 ice beasts (D:5)
  A necrophage (D:6)
  2 eyes of draining
  6 ogres
  11 centaurs
  2 big kobolds
  5 bullfrogs
  A wyvern skeleton (D:12)
  3 scorpions
  8 wights
  4 howler monkeys
  9 crimson imps
  A centaur zombie (D:5)
  A quasit (D:10)
  7 orc priests
  4 hounds
  A jelly (D:6)
  13 orc wizards
  A bullfrog skeleton (D:11)
  3 centaur skeletons
  8 worker ants
  8 iguanas
  A killer bee zombie (D:5)
  A hound zombie (D:9)
  A hound skeleton (D:4)
  A howler monkey skeleton (D:10)
  12 adders
  5 shadow imps
  An ooze (D:4)
  An adder skeleton (D:6)
  An adder zombie (D:7)
  2 worms (D:3)
  3 dart slugs
  6 leopard geckos
  54 orcs
  7 giant cockroaches
  6 goblins
  6 hobgoblins
  18 jackals
  4 quokkas
  A ball python (D:2)
  A ball python skeleton (D:6)
  9 bats
  6 frilled lizards
  16 kobolds
  12 rats
300 creatures vanquished.

Vanquished Creatures (collateral kills)
  A deep elf mage (D:11)
1 creature vanquished.

Vanquished Creatures (others)
  A worker ant (D:10)
1 creature vanquished.

Grand Total: 302 creatures vanquished

Notes
Turn   | Place    | Note
-------+----------+-------------------------------------------
     0 | D:1      | Inarius the Mummy Fighter began the quest for the Orb.
     0 | D:1      | Reached XP level 1. HP: 18/18 MP: 1/1
   315 | D:1      | Reached XP level 2. HP: 24/24 MP: 2/2
   620 | D:1      | Reached XP level 3. HP: 29/29 MP: 3/3
   961 | D:2      | Found a hide-covered altar of Uskayaw.
   966 | D:2      | Found a radiant altar of Vehumet.
   970 | D:2      | Found a glowing silver altar of Zin.
  1077 | D:2      | Found a shadowy altar of Dithmenos.
  1182 | D:2      | Found a sparkling altar of Nemelex Xobeh.
  1842 | D:3      | Reached XP level 4. HP: 37/37 MP: 4/4
  2010 | D:3      | Reached skill level 4 in Fighting
  2383 | D:3      | Reached XP level 5. HP: 42/42 MP: 5/5
  2805 | D:4      | Found a basalt altar of Yredelemnul.
  2986 | D:4      | Reached skill level 5 in Fighting
  2986 | D:4      | Reached XP level 6. HP: 42/51 MP: 6/6
  3481 | D:5      | Entered Level 5 of the Dungeon
  3487 | D:5      | Found Wofez's Magic Scroll Shoppe.
  3493 | D:5      | Bought a scroll of identify for 22 gold pieces
  3580 | D:5      | Reached XP level 7. HP: 24/57 MP: 7/7
  3804 | D:5      | Found Kujag's General Store.
  3815 | D:5      | Reached skill level 6 in Fighting
  3873 | D:5      | Found Diddin's General Store.
  3932 | D:5      | Found a stormy altar of Qazlal.
  4042 | D:5      | Found Oxkecoph's Weapon Emporium.
  4280 | D:5      | Reached skill level 7 in Fighting
  4280 | D:5      | Reached skill level 5 in Shields
  4280 | D:5      | Reached XP level 8. HP: 44/67 MP: 8/8
  4974 | D:6      | Reached skill level 8 in Fighting
  4974 | D:6      | Reached skill level 5 in Armour
  5249 | D:6      | Reached skill level 9 in Fighting
  5342 | D:6      | Found a staircase to the Ecumenical Temple.
  5349 | Temple   | Entered the Ecumenical Temple
  5510 | Temple   | Became a worshipper of Gozag Ym Sagoz the Greedy
  5652 | D:6      | Reached XP level 9. HP: 67/76 MP: 9/9
  6717 | D:7      | Reached skill level 10 in Fighting
  7329 | D:8      | Found a blossoming altar of Fedhas.
  7332 | D:8      | Noticed an oklob plant
  7332 | D:8      | Noticed an oklob plant
  7707 | D:8      | Found a burning altar of Makhleb.
  8196 | D:9      | Found Fiagulur's Book Emporium.
  9049 | D:9      | Found an opulent altar of Gozag.
  9054 | D:9      | Noticed Erolcha
  9055 | D:9      | Noticed Erolcha
  9055 | D:9      | Erolcha changed into Erolcha the hog
  9061 | D:9      | Killed Erolcha the hog
  9120 | D:9      | Noticed Maurice
  9164 | D:9      | Killed Maurice
  9164 | D:9      | Reached skill level 11 in Fighting
  9164 | D:9      | Reached XP level 10. HP: 87/87 MP: 10/10
  9681 | D:9      | Noticed a centaur warrior
  9708 | D:9      | Killed a centaur warrior
  9708 | D:9      | Reached skill level 12 in Fighting
  9962 | D:9      | Found a staircase to the Orcish Mines.
 10655 | D:10     | Entered Level 10 of the Dungeon
 10870 | D:10     | Reached skill level 1 in Evocations
 12008 | D:10     | Got a transparent chain mail
 12027 | D:10     | Identified the +4 chain mail of Exclusion {rF+ SInv} (You
                  | found it on level 10 of the Dungeon)
 12526 | D:11     | Found a staircase to the Lair.
 12526 | D:11     | Noticed Urug
 12546 | D:11     | Noticed Urug
 12546 | D:11     | Urug changed into Urug the sea snake
 12904 | D:11     | Reached skill level 5 in Axes
 12937 | D:11     | Noticed a deep elf mage
 13037 | D:11     | Killed a deep elf mage
 13037 | D:11     | Reached XP level 11. HP: 44/96 MP: 12/12
 13365 | D:11     | Killed Urug the sea snake
 13701 | D:11     | Found a runed door.
 13808 | D:11     | Noticed CaptainBugsquash's ghost (journeyman OpFi)
 13962 | D:12     | Noticed a cyan ugly thing
 13980 | D:12     | Killed a cyan ugly thing
 14445 | D:12     | Mangled by an enormous slime creature

Vault maps used:
D:1:      co_arrival_square_in_a_square_in_a_square, minmay_pentomino_r4
D:2:      grunt_dithmenos_smoke_and_mirrors, minitemple, minivault_4,
          nemelex_spade_bored_becter
D:4:      nicolae_overflow_hidden_temple, first_ration
D:5:      kennysheep_mini_moat, serial_shops, shop, shop,
          nicolae_shop_temple_entry_statues_fountains, shop
D:6:      temple_green, minmay_misc_feat_enclosed
D:7:      the_bakery, minmay_door_square
D:8:      overflow_temple_1_default, hangedman_tree_tricks
D:9:      orc_0_dummy, serial_shops, shop_fountains, grunt_gozag_statues,
          uniq_maurice, uniq_erolcha
D:10:     hangedman_abyss_or_decor_passed, st_stairs_9
D:11:     lair_entry_dummy, gammafunk_ghost_grave, uniq_urug
D:12:     eino_small_chamber_without_monster, einodemon_barbed_minivault,
          uniq_rupert
Temple:   regret_index_temple_generic_petals

Skill      XL: |  1  2  3  4  5  6  7  8  9 10 11 |
---------------+----------------------------------+-----
Armour         | 3 4 5 7 |  7.0
Shields        | 3 4 5 |  5.0
Fighting       | 4 5 7 9 11 12 | 12.6
Axes           | 5 7 |  7.0
Evocations     | 1 |  1.9
Throwing       | |  0.7

Action                   |  1- 3 |  4- 6 |  7- 9 | 10-12 || total
-------------------------+-------+-------+-------+-------++-------
Melee: War axe           |   156 |   172 |   591 |   482 ||  1401
Throw: Throwing net      |       |       |     1 |       ||     1
       Tomahawk          |       |       |     4 |    11 ||    15
Invok: Call Merchant     |       |       |       |     1 ||     1
Evoke: Wand              |       |       |     5 |    20 ||    25
  Use: Scroll            |       |     8 |     4 |     5 ||    17
 Stab: Distracted        |       |       |       |     1 ||     1
       Paralysed         |       |       |       |     7 ||     7
Armor: Scale mail        |   106 |   109 |       |       ||   215
       Chain mail        |       |       |   465 |   393 ||   858
Dodge: Dodged            |    63 |    57 |   153 |   144 ||   417
Block: Shield            |   101 |    87 |   344 |   316 ||   848

Table legend:
 A = Non-vault XP
 B = Vault XP
 C = Vault XP percentage of total XP
 D = Non-vault monster count
 E = Vault monster count
 F = Vault count percentage of total count
                 A         B        C        D         E       F
            +---------+---------+-------+---------+---------+-------
      Total |   12620 |    1792 |  12.4 |     293 |       8 |   2.7
            +---------+---------+-------+---------+---------+-------
        D:1 |      54 |       3 |   5.3 |      31 |       2 |   6.1
        D:2 |      35 |       0 |   0.0 |      14 |       0 |   0.0
        D:3 |     111 |       0 |   0.0 |      25 |       0 |   0.0
        D:4 |     339 |       0 |   0.0 |      19 |       0 |   0.0
        D:5 |    1068 |       0 |   0.0 |      35 |       0 |   0.0
        D:6 |    2224 |       0 |   0.0 |      45 |       0 |   0.0
        D:7 |     334 |     224 |  40.1 |      18 |       1 |   5.3
        D:8 |     192 |       0 |   0.0 |       8 |       0 |   0.0
        D:9 |    2680 |     647 |  19.4 |      21 |       2 |   8.7
       D:10 |    1466 |     209 |  12.5 |      25 |       2 |   7.4
       D:11 |    2275 |     709 |  23.8 |      28 |       1 |   3.4
       D:12 |    1842 |       0 |   0.0 |      24 |       0 |   0.0
            +---------+---------+-------+---------+---------+-------
